 Dungeon Crawl Stone Soup version 0.26-a0-540-g8a0c9464d7 (webtiles) character file.

Game seed: 4435202663394856796

133 kae the Shield-Bearer (level 5, 0/42 HPs)
             Began as a Formicid Fighter on Aug 24, 2020.
             Slain by a jackal (1 damage)
             ... on level 3 of the Dungeon.
             The game lasted 00:02:41 (2166 turns).

kae the Shield-Bearer (Formicid Fighter)            Turns: 2166, Time: 00:02:42

Health: 0/42       AC:  6    Str: 24    XL:     5   Next: 40%
Magic:  5/5        EV:  8    Int:  7    God:
Gold:   113        SH: 10    Dex: 10    Spells: 4/4 levels left

rFire    . . .     SeeInvis +   a - +0 long sword
rCold    . . .     Faith    .   c - +0 kite shield
rNeg     . . .     Spirit   .   b - +0 scale mail
rPois    .         Reflect  .   (helmet unavailable)
rElec    .         Harm     .   (no cloak)
rCorr    .                      (no gloves)
MR       .....                  (no boots)
Stlth    ..........             (no amulet)
HPRegen  0.54/turn              (no ring)
MPRegen  0.09/turn              (no ring)

@: lethally poisoned (0 -> -1)
A: permanent stasis, dig shafts and tunnels, four strong arms, antennae 3,
mutation resistance 1, regeneration 1, strong 1
a: Dig, Shaft Self


You were on level 3 of the Dungeon.
You visited 1 branch of the dungeon, and saw 3 of its levels.

You collected 113 gold pieces.

Inventory:

Hand Weapons
 a - a +0 long sword (weapon)
Armour
 b - a +0 scale mail (worn)
 c - a +0 kite shield (worn)
Jewellery
 h - an uncursed ring of magical power {unknown}
Potions
 f - a potion of cancellation
 g - a potion of mutation


   Skills:
 + Level 4.1 Fighting
 * Level 4.0 Long Blades
 - Level 3.2 Armour
 + Level 4.5 Shields


You had 4 spell levels left.
You didn't know any spells.
Your spell library was empty.

Dungeon Overview and Level Annotations

Branches:
Dungeon (3/15)

Altars:
Qazlal


Innate Abilities, Weirdness & Mutations

You cannot be hasted, slowed, berserked, paralysed or teleported.
You can dig through walls and to a lower floor.
Your four strong arms can wield two-handed weapons with a shield.
You have a pair of large antennae on your head. (SInv)
You are somewhat resistant to further mutation.
Your natural rate of healing is unusually fast.
Your muscles are strong. (Str +2)


Message History

The jackal bites you but does no damage. x2
The adder bites you but does no damage. The jackal barely misses you.
You hit the adder.
The adder is lightly wounded.
You feel sick. You block the jackal's attack.
The adder bites you but does no damage. The jackal closely misses you.
The jackal bites you but does no damage.
The adder bites you but does no damage.
You closely miss the adder.
The adder is lightly wounded.
You feel sick. The jackal bites you.
* * * LOW HITPOINT WARNING * * *
The jackal bites you but does no damage.
The adder closely misses you. The jackal bites you.
* * * LOW HITPOINT WARNING * * *
The jackal bites you but does no damage.
You hit the adder.
The adder is moderately wounded.
The adder barely misses you. The jackal bites you.
You die...

#<....+.# #..........
#.....#.# #..........
#.....#.###..........
#....................
##..###.##.(##.....?.
#.#.................
##.#r...≈.....<.....
###Sr≈≈≈≈≈.≈.....##
###@####≈#≈#≈≈....#
....'.hh#≈r≈≈≈≈≈≈≈..####
....##oh#r########.....#
.. #..#≈≈rr≈≈# #.....#
#..####≈#≈# #...... ##.#
# #...... #..# #)....?
#)## #.####. #.##{ { #)#
.


You could see an adder, an orc, 3 jackals and 2 rats.

Vanquished Creatures
  3 adders (D:2)
  4 gnolls
  2 river rats
  An ooze (D:2)
  2 worms
  A dart slug (D:2)
  2 leopard geckos
  A giant cockroach (D:1)
  2 goblins
  3 hobgoblins (D:1)
  9 bats
  3 frilled lizards
  8 kobolds
  2 rats (D:2)
43 creatures vanquished.

Notes
Turn   | Place    | Note
-------+----------+-------------------------------------------
     0 | D:1      | kae the Formicid Fighter began the quest for the Orb.
     0 | D:1      | Reached XP level 1. HP: 18/18 MP: 1/1
   164 | D:1      | Reached XP level 2. HP: 24/24 MP: 2/2
   963 | D:2      | Reached XP level 3. HP: 25/29 MP: 3/3
  1319 | D:2      | Reached XP level 4. HP: 24/37 MP: 4/4
  1958 | D:3      | HP: 1/37 [gnoll/+0 whip (7)]
  2020 | D:3      | Found a stormy altar of Qazlal.
  2071 | D:3      | Reached XP level 5. HP: 19/42 MP: 5/5
  2083 | D:3      | HP: 1/42 [gnoll/+0 spear (8)]
  2162 | D:3      | Gained mutation: Your natural rate of healing is unusually
                  | fast. [potion of mutation]
  2162 | D:3      | Gained mutation: Your muscles are strong. (Str +2) [potion
                  | of mutation]
  2162 | D:3      | Gained mutation: You are somewhat resistant to further
                  | mutation. [potion of mutation]
  2165 | D:3      | HP: 1/42 [jackal (2)]
  2166 | D:3      | Slain by a jackal

Illustrated notes

Levels and vault maps discovered:
D:1:      psy_arrival_fountain, layout_basic
D:2:      layout_rooms
D:3:      layout_basic, grunt_qazlal_clouds, gammafunk_temple_overflow_statue,
          chequers_ecumenical_altar_simple, lightli_sewer_entry_pipes

Skill      XL: |  1  2  3  4  5 |
---------------+----------------+-----
Shields        | 4 |  4.5
Long Blades    | 3 4 |  4.0
Fighting       | 4 |  4.1
Armour         | |  3.2

Action                   |  1- 3 |  4- 6 || total
-------------------------+-------+-------++-------
Melee: Long sword        |   105 |    85 ||   190
 Abil: Dig               |       |     9 ||     9
  Use: Scroll            |     2 |       ||     2
       Potion            |     2 |     6 ||     8
Armor: Scale mail        |    54 |    35 ||    89
Dodge: Dodged            |    42 |    32 ||    74
Block: Kite shield       |    64 |    58 ||   122
       Rpst.: Long sword |    13 |     9 ||    22

Table legend: (Time is in decaauts)
 A = Elapsed time spent in this place.
 B = Non-inter-level travel time spent in this place.
 C = Inter-level travel time spent in this place.
 D = Time resting spent in this place.
 E = Time spent auto-exploring this place.
 F = Levels seen in this place.
 G = Mean time per level.
                   A        B        C        D        E       F      G
               +--------+--------+--------+--------+--------+-----+--------+
         Total |   2238 |   2171 |     67 |    466 |   1156 |   3 |  746.0 |
       Dungeon |   2238 |   2171 |     67 |    466 |   1156 |   3 |  746.0 |
               +--------+--------+--------+--------+--------+-----+--------+

Top non-repeatable levels by time:
     D:2: 1121 daAuts
     D:1: 856 daAuts
     D:3: 259 daAuts
